[ AOE2 MATCH · #458070413 ]
UnrankedLithuanians vs Aztecs
[ REPLAY ANALYSIS · EXTRACTED FROM THE RECORDED GAME ]
Feudal
12:08
Castle
17:59
Imperial
—
| APM avg | 19.8 |
| APM peak | 79 |
| eAPM avg | 12.7 |
| Villagers / military | 103 / 36 |
Focus
⚔️ 20.7% · 🌾 79.3%
Knight ×14 · Leitis ×13 · Monk ×9
Feudal
11:53
Castle
—
Imperial
—
| APM avg | 18.0 |
| APM peak | 58 |
| eAPM avg | 6.5 |
| Villagers / military | 33 / 36 |
Focus
⚔️ 30.5% · 🌾 69.5%
Spearman ×20 · Skirmisher ×7 · Eagle Scout ×5 · Archer ×4
Feudal
10:00
Castle
19:09
Imperial
34:42
| APM avg | 18.4 |
| APM peak | 41 |
| eAPM avg | 10.0 |
| Villagers / military | 91 / 39 |
Focus
⚔️ 19.8% · 🌾 80.2%
Longbowman ×28 · Spearman ×11
Feudal
13:08
Castle
24:20
Imperial
—
| APM avg | 18.0 |
| APM peak | 45 |
| eAPM avg | 11.0 |
| Villagers / military | 78 / 37 |
Focus
⚔️ 20.1% · 🌾 79.9%
Tarkan ×21 · Scout Cavalry ×15 · Monk ×1
Feudal
9:11
Castle
24:38
Imperial
—
| APM avg | 37.9 |
| APM peak | 101 |
| eAPM avg | 13.9 |
| Villagers / military | 81 / 61 |
Focus
⚔️ 21.9% · 🌾 78.1%
Cavalry Archer ×48 · Scout Cavalry ×13
Feudal
10:09
Castle
26:31
Imperial
—
| APM avg | 23.6 |
| APM peak | 76 |
| eAPM avg | 9.6 |
| Villagers / military | 46 / 16 |
Focus
⚔️ 13.3% · 🌾 86.7%
Scout Cavalry ×14 · Spearman ×2
Match map
Initial resources + every placement click. Lines = walls · curves = elevation contours. ◆ gold · ⬟ stone · ● berries · ✦ relic · ◌ wall gap
Your base· Open — unwalled flank
SAFIRA's base· Open — unwalled flank
Rodra's base· Open — unwalled flank
_C*_MaLKoÇoĞLU_C*_'s base· Open — unwalled flank
Mamba24's base· ✓ Closed at 24:38 · 63t walls · 3 gate(s)
Freecss's base· Open — unwalled flank
Smoothed initial terrain · ◌ = detected wall gap · hover for details
Inputs per minute
— Mathías - - SAFIRA
Build order — Mathías
First 150 of 220 actions detected
| 0:16 | Create | Villager (Male) |
| 0:16 | Create | Villager (Male) |
| 0:16 | Create | Villager (Male) |
| 0:17 | Create | Villager (Male) |
| 0:17 | Create | Villager (Male) |
| 0:17 | Create | Villager (Male) |
| 0:17 | Create | Villager (Male) |
| 0:34 | Build | House |
| 0:35 | Build | House |
| 1:24 | Build | Lumber Camp |
| 2:14 | Create | Villager (Male) |
| 2:15 | Create | Villager (Male) |
| 2:39 | Create | Villager (Male) |
| 2:40 | Create | Villager (Male) |
| 2:59 | Create | Villager (Male) |
| 2:59 | Create | Villager (Male) |
| 3:33 | Create | Villager (Male) |
| 3:34 | Create | Villager (Male) |
| 4:07 | Build | House |
| 4:08 | Create | Villager (Male) |
| 4:08 | Create | Villager (Male) |
| 4:23 | Create | Villager (Male) |
| 4:23 | Create | Villager (Male) |
| 4:24 | Create | Villager (Male) |
| 5:19 | Build | Mill |
| 5:44 | Create | Villager (Male) |
| 5:44 | Create | Villager (Male) |
| 5:45 | Create | Villager (Male) |
| 5:45 | Create | Villager (Male) |
| 5:46 | Create | Villager (Male) |
| 5:49 | Create | Villager (Male) |
| 5:49 | Create | Villager (Male) |
| 6:53 | Create | Villager (Male) |
| 6:53 | Create | Villager (Male) |
| 6:53 | Create | Villager (Male) |
| 6:54 | Create | Villager (Male) |
| 6:54 | Create | Villager (Male) |
| 7:32 | Build | House |
| 7:33 | Build | House |
| 7:49 | Create | Villager (Male) |
| 7:49 | Create | Villager (Male) |
| 8:16 | Create | Villager (Male) |
| 8:16 | Create | Villager (Male) |
| 8:25 | Create | Villager (Male) |
| 8:25 | Create | Villager (Male) |
| 8:27 | Create | Villager (Male) |
| 8:27 | Create | Villager (Male) |
| 8:59 | Build | Farm |
| 9:00 | Build | Farm |
| 9:00 | Build | Farm |
| 9:00 | Build | Farm |
| 9:00 | Build | Farm |
| 9:01 | Build | Farm |
| 9:21 | Research | Feudal Age |
| 9:35 | Build | Mining Camp |
| 11:29 | Build | Barracks |
| 12:08 | Age | Feudal Age |
| 12:11 | Create | Villager (Male) |
| 12:11 | Create | Villager (Male) |
| 12:11 | Create | Villager (Male) |
| 12:12 | Create | Villager (Male) |
| 12:27 | Research | Double-Bit Axe |
| 12:35 | Build | House |
| 12:37 | Build | House |
| 13:07 | Build | Market |
| 13:29 | Build | Market |
| 13:39 | Create | Villager (Male) |
| 13:39 | Create | Villager (Male) |
| 13:39 | Create | Villager (Male) |
| 14:10 | Build | Stable |
| 14:21 | Build | Stable |
| 14:31 | Create | Villager (Male) |
| 14:31 | Create | Villager (Male) |
| 14:44 | Research | Double-Bit Axe |
| 15:13 | Research | Castle Age |
| 15:18 | Build | Farm |
| 15:19 | Build | Farm |
| 15:20 | Build | Farm |
| 15:33 | Build | Lumber Camp |
| 15:42 | Build | House |
| 15:43 | Build | House |
| 16:14 | Build | Palisade Wall |
| 16:21 | Build | Palisade Gate |
| 16:32 | Build | Palisade Wall |
| 16:49 | Build | Blacksmith |
| 17:08 | Build | Farm |
| 17:08 | Build | Farm |
| 17:09 | Build | Farm |
| 17:28 | Build | House |
| 17:35 | Build | Mining Camp |
| 17:48 | Build | Palisade Wall |
| 17:57 | Build | Palisade Gate |
| 17:59 | Age | Castle Age |
| 18:40 | Build | Monastery |
| 18:44 | Create | Villager (Male) |
| 18:44 | Create | Villager (Male) |
| 18:44 | Create | Villager (Male) |
| 18:44 | Create | Villager (Male) |
| 18:45 | Create | Villager (Male) |
| 18:45 | Create | Villager (Male) |
| 18:45 | Create | Villager (Male) |
| 18:45 | Create | Villager (Male) |
| 18:46 | Create | Villager (Male) |
| 19:16 | Create | Monk |
| 19:17 | Create | Monk |
| 19:17 | Create | Monk |
| 19:17 | Create | Monk |
| 19:41 | Build | Palisade Wall |
| 19:47 | Build | Palisade Gate |
| 20:15 | Build | Farm |
| 21:20 | Build | Town Center |
| 21:58 | Build | Palisade Wall |
| 22:23 | Build | Town Center |
| 22:27 | Create | Villager (Male) |
| 22:28 | Create | Villager (Male) |
| 22:28 | Create | Villager (Male) |
| 22:28 | Create | Villager (Male) |
| 22:28 | Create | Villager (Male) |
| 22:37 | Build | Palisade Gate |
| 22:40 | Create | Knight |
| 22:40 | Create | Knight |
| 22:41 | Create | Knight |
| 22:41 | Create | Knight |
| 22:44 | Create | Knight |
| 22:57 | Build | Stable |
| 23:58 | Build | Farm |
| 24:04 | Create | Villager (Male) |
| 24:04 | Create | Villager (Male) |
| 24:04 | Create | Villager (Male) |
| 24:05 | Create | Villager (Male) |
| 24:05 | Create | Villager (Male) |
| 24:05 | Create | Villager (Male) |
| 24:06 | Create | Villager (Male) |
| 24:17 | Build | Farm |
| 24:17 | Build | Farm |
| 24:18 | Build | Farm |
| 24:18 | Build | Farm |
| 24:18 | Build | Farm |
| 24:52 | Build | Farm |
| 24:52 | Build | Farm |
| 25:53 | Build | Mining Camp |
| 25:56 | Create | Villager (Male) |
| 25:56 | Create | Villager (Male) |
| 25:57 | Create | Villager (Male) |
| 25:57 | Create | Villager (Male) |
| 25:57 | Create | Villager (Male) |
| 25:57 | Create | Villager (Male) |
| 25:58 | Create | Villager (Male) |
| 25:58 | Create | Villager (Male) |
| 25:58 | Create | Villager (Male) |
Build order — SAFIRA
101 actions detected in the replay
| 0:32 | Build | House |
| 0:33 | Create | Villager (Male) |
| 0:34 | Create | Villager (Male) |
| 0:35 | Create | Villager (Male) |
| 0:35 | Create | Villager (Male) |
| 0:37 | Research | Loom |
| 1:09 | Build | House |
| 2:03 | Build | House |
| 2:14 | Create | Villager (Male) |
| 2:34 | Build | House |
| 2:56 | Create | Villager (Male) |
| 2:56 | Create | Villager (Male) |
| 2:56 | Create | Villager (Male) |
| 3:09 | Build | Lumber Camp |
| 3:46 | Create | Villager (Male) |
| 3:47 | Create | Villager (Male) |
| 5:22 | Create | Villager (Male) |
| 5:23 | Create | Villager (Male) |
| 5:23 | Create | Villager (Male) |
| 5:45 | Create | Villager (Male) |
| 5:45 | Create | Villager (Male) |
| 5:46 | Create | Villager (Male) |
| 5:52 | Build | Mill |
| 6:12 | Create | Villager (Male) |
| 6:12 | Create | Villager (Male) |
| 6:12 | Create | Villager (Male) |
| 6:44 | Create | Villager (Male) |
| 8:28 | Build | Farm |
| 8:32 | Build | Farm |
| 9:43 | Research | Feudal Age |
| 9:52 | Create | Villager (Male) |
| 9:52 | Create | Villager (Male) |
| 10:19 | Build | House |
| 10:22 | Create | Villager (Male) |
| 10:22 | Create | Villager (Male) |
| 10:23 | Create | Villager (Male) |
| 10:55 | Build | House |
| 11:03 | Build | Farm |
| 11:12 | Build | Farm |
| 11:27 | Build | Farm |
| 11:40 | Create | Villager (Male) |
| 11:42 | Create | Villager (Male) |
| 11:42 | Create | Villager (Male) |
| 11:53 | Age | Feudal Age |
| 12:25 | Research | Double-Bit Axe |
| 13:26 | Research | Wheelbarrow |
| 13:29 | Research | Horse Collar |
| 13:41 | Build | Lumber Camp |
| 14:52 | Create | Villager (Male) |
| 14:52 | Create | Villager (Male) |
| 15:14 | Build | Lumber Camp |
| 15:29 | Build | Barracks |
| 16:36 | Research | Arson |
| 16:36 | Create | Eagle Scout |
| 16:36 | Create | Eagle Scout |
| 16:37 | Create | Eagle Scout |
| 16:48 | Build | Watch Tower |
| 17:02 | Build | Archery Range |
| 17:04 | Build | Archery Range |
| 17:05 | Build | Archery Range |
| 17:38 | Create | Villager (Male) |
| 17:38 | Create | Villager (Male) |
| 17:39 | Create | Villager (Male) |
| 17:51 | Create | Spearman |
| 17:52 | Create | Spearman |
| 17:52 | Create | Spearman |
| 17:52 | Create | Spearman |
| 17:53 | Create | Spearman |
| 17:53 | Create | Spearman |
| 17:53 | Create | Spearman |
| 17:54 | Create | Spearman |
| 17:54 | Create | Spearman |
| 17:54 | Create | Spearman |
| 17:55 | Create | Spearman |
| 17:55 | Create | Spearman |
| 17:55 | Create | Spearman |
| 17:56 | Create | Spearman |
| 18:53 | Build | Farm |
| 18:57 | Build | Farm |
| 19:06 | Create | Spearman |
| 19:07 | Create | Spearman |
| 19:07 | Create | Spearman |
| 19:07 | Create | Spearman |
| 19:30 | Create | Eagle Scout |
| 19:31 | Create | Eagle Scout |
| 20:02 | Create | Spearman |
| 20:02 | Create | Spearman |
| 20:32 | Build | Mining Camp |
| 21:23 | Build | Farm |
| 22:01 | Build | Blacksmith |
| 22:03 | Create | Skirmisher |
| 22:04 | Create | Skirmisher |
| 22:04 | Create | Skirmisher |
| 22:04 | Create | Skirmisher |
| 22:04 | Create | Skirmisher |
| 22:05 | Create | Skirmisher |
| 22:05 | Create | Skirmisher |
| 22:49 | Create | Archer |
| 22:49 | Create | Archer |
| 22:49 | Create | Archer |
| 22:49 | Create | Archer |
Build order — Rodra
First 150 of 224 actions detected
| 0:01 | Create | Villager (Male) |
| 0:02 | Create | Villager (Male) |
| 0:02 | Create | Villager (Male) |
| 0:02 | Create | Villager (Male) |
| 0:02 | Create | Villager (Male) |
| 0:03 | Create | Villager (Male) |
| 0:05 | Build | House |
| 0:06 | Build | House |
| 1:27 | Create | Villager (Male) |
| 1:58 | Create | Villager (Male) |
| 1:59 | Create | Villager (Male) |
| 2:10 | Create | Villager (Male) |
| 2:11 | Create | Villager (Male) |
| 2:23 | Create | Villager (Male) |
| 2:24 | Create | Villager (Male) |
| 3:01 | Create | Villager (Male) |
| 3:42 | Create | Villager (Male) |
| 3:42 | Create | Villager (Male) |
| 3:42 | Create | Villager (Male) |
| 4:03 | Build | House |
| 4:06 | Build | House |
| 4:48 | Create | Villager (Male) |
| 5:05 | Build | Mill |
| 5:27 | Create | Villager (Male) |
| 5:42 | Create | Villager (Male) |
| 6:11 | Create | Villager (Male) |
| 6:45 | Build | Lumber Camp |
| 6:54 | Create | Villager (Male) |
| 7:19 | Create | Villager (Male) |
| 7:44 | Build | Farm |
| 7:50 | Research | Feudal Age |
| 8:28 | Build | Mill |
| 8:48 | Build | House |
| 8:49 | Build | House |
| 9:30 | Build | Farm |
| 10:00 | Age | Feudal Age |
| 10:07 | Research | Wheelbarrow |
| 10:10 | Research | Double-Bit Axe |
| 10:23 | Build | Market |
| 10:53 | Build | Blacksmith |
| 11:01 | Create | Villager (Male) |
| 11:20 | Build | Farm |
| 11:40 | Build | House |
| 11:56 | Build | Farm |
| 12:14 | Create | Villager (Male) |
| 12:15 | Create | Villager (Male) |
| 12:15 | Create | Villager (Male) |
| 12:45 | Build | Mining Camp |
| 12:47 | Create | Villager (Male) |
| 13:01 | Build | House |
| 13:04 | Build | House |
| 13:25 | Build | Farm |
| 13:34 | Create | Villager (Male) |
| 13:40 | Build | Farm |
| 13:45 | Research | Horse Collar |
| 14:01 | Build | Lumber Camp |
| 14:03 | Create | Villager (Male) |
| 14:39 | Create | Villager (Male) |
| 14:49 | Build | Farm |
| 15:39 | Create | Villager (Male) |
| 15:54 | Create | Villager (Male) |
| 16:07 | Build | Farm |
| 16:10 | Create | Villager (Male) |
| 16:19 | Research | Castle Age |
| 16:36 | Build | Mining Camp |
| 16:40 | Build | Barracks |
| 17:42 | Research | Gold Mining |
| 17:42 | Research | Stone Mining |
| 18:09 | Research | Fletching |
| 18:12 | Research | Padded Archer Armor |
| 18:30 | Build | Stable |
| 19:09 | Age | Castle Age |
| 19:13 | Build | Town Center |
| 19:17 | Build | Town Center |
| 19:23 | Research | Hand Cart |
| 19:34 | Build | Farm |
| 19:42 | Create | Villager (Male) |
| 19:52 | Build | Farm |
| 19:59 | Build | Farm |
| 20:01 | Build | Farm |
| 20:17 | Create | Villager (Male) |
| 20:38 | Create | Villager (Male) |
| 20:53 | Build | Farm |
| 21:34 | Build | Watch Tower |
| 21:59 | Build | Barracks |
| 22:27 | Create | Spearman |
| 22:28 | Create | Spearman |
| 22:28 | Create | Spearman |
| 22:28 | Create | Spearman |
| 22:49 | Create | Villager (Male) |
| 22:49 | Create | Villager (Male) |
| 22:49 | Create | Villager (Male) |
| 22:50 | Create | Villager (Male) |
| 22:51 | Create | Villager (Male) |
| 22:52 | Create | Villager (Male) |
| 22:52 | Create | Villager (Male) |
| 22:52 | Create | Villager (Male) |
| 22:53 | Create | Villager (Male) |
| 22:53 | Create | Villager (Male) |
| 22:53 | Create | Villager (Male) |
| 23:48 | Build | Mining Camp |
| 23:56 | Create | Villager (Male) |
| 23:56 | Create | Villager (Male) |
| 23:56 | Create | Villager (Male) |
| 24:06 | Build | Farm |
| 25:10 | Research | Bodkin Arrow |
| 25:17 | Create | Villager (Male) |
| 25:17 | Create | Villager (Male) |
| 25:17 | Create | Villager (Male) |
| 25:18 | Create | Villager (Male) |
| 25:18 | Create | Villager (Male) |
| 25:47 | Build | Castle |
| 25:54 | Create | Villager (Male) |
| 25:54 | Create | Villager (Male) |
| 25:54 | Create | Villager (Male) |
| 25:55 | Create | Villager (Male) |
| 26:00 | Build | Farm |
| 26:16 | Build | Farm |
| 26:44 | Build | Farm |
| 26:49 | Create | Villager (Male) |
| 26:49 | Create | Villager (Male) |
| 26:49 | Create | Villager (Male) |
| 26:50 | Create | Villager (Male) |
| 26:51 | Create | Villager (Male) |
| 26:51 | Create | Villager (Male) |
| 26:57 | Build | House |
| 26:58 | Build | House |
| 27:12 | Build | Farm |
| 27:15 | Create | Villager (Male) |
| 27:15 | Create | Villager (Male) |
| 27:15 | Create | Villager (Male) |
| 27:57 | Create | Villager (Male) |
| 27:57 | Create | Villager (Male) |
| 27:59 | Create | Villager (Male) |
| 28:00 | Create | Villager (Male) |
| 28:00 | Create | Villager (Male) |
| 28:01 | Create | Villager (Male) |
| 28:13 | Create | Villager (Male) |
| 28:18 | Create | Villager (Male) |
| 28:27 | Build | Farm |
| 28:30 | Create | Villager (Male) |
| 28:36 | Build | Farm |
| 28:40 | Build | Farm |
| 28:48 | Build | Mining Camp |
| 28:54 | Build | Lumber Camp |
| 29:04 | Build | Mining Camp |
| 29:15 | Build | Farm |
| 29:33 | Build | Farm |
| 29:38 | Build | Farm |
| 29:56 | Build | Farm |
Build order — _C*_MaLKoÇoĞLU_C*_
First 150 of 190 actions detected
| 0:12 | Create | Villager (Male) |
| 0:13 | Create | Villager (Male) |
| 0:13 | Create | Villager (Male) |
| 0:13 | Create | Villager (Male) |
| 0:13 | Create | Villager (Male) |
| 0:14 | Create | Villager (Male) |
| 0:14 | Research | Loom |
| 0:15 | Research | Loom |
| 0:34 | Build | Mill |
| 2:01 | Create | Villager (Male) |
| 2:01 | Create | Villager (Male) |
| 2:33 | Create | Villager (Male) |
| 3:11 | Create | Villager (Male) |
| 3:11 | Create | Villager (Male) |
| 3:34 | Create | Villager (Male) |
| 4:02 | Create | Villager (Male) |
| 4:02 | Create | Villager (Male) |
| 4:54 | Create | Villager (Male) |
| 4:54 | Create | Villager (Male) |
| 4:55 | Create | Villager (Male) |
| 5:59 | Create | Villager (Male) |
| 5:59 | Create | Villager (Male) |
| 6:39 | Build | Lumber Camp |
| 6:49 | Create | Villager (Male) |
| 6:50 | Create | Villager (Male) |
| 6:50 | Create | Villager (Male) |
| 7:58 | Build | Barracks |
| 8:06 | Create | Villager (Male) |
| 8:06 | Create | Villager (Male) |
| 8:06 | Create | Villager (Male) |
| 9:43 | Create | Villager (Male) |
| 9:43 | Create | Villager (Male) |
| 9:43 | Create | Villager (Male) |
| 10:38 | Build | Lumber Camp |
| 10:54 | Research | Feudal Age |
| 11:53 | Create | Villager (Male) |
| 11:54 | Create | Villager (Male) |
| 11:54 | Create | Villager (Male) |
| 12:32 | Create | Villager (Male) |
| 12:32 | Create | Villager (Male) |
| 12:32 | Create | Villager (Male) |
| 13:08 | Age | Feudal Age |
| 13:12 | Research | Horse Collar |
| 13:29 | Build | Stable |
| 13:35 | Build | Archery Range |
| 13:41 | Build | Stable |
| 13:43 | Build | Stable |
| 14:05 | Build | Mining Camp |
| 14:30 | Build | Mill |
| 14:54 | Research | Double-Bit Axe |
| 15:43 | Create | Villager (Male) |
| 15:43 | Create | Villager (Male) |
| 15:43 | Create | Villager (Male) |
| 15:44 | Create | Villager (Male) |
| 15:48 | Create | Villager (Male) |
| 16:17 | Build | Farm |
| 16:39 | Build | Farm |
| 16:55 | Build | Farm |
| 16:55 | Build | Farm |
| 16:56 | Build | Farm |
| 16:57 | Build | Farm |
| 16:57 | Build | Farm |
| 16:58 | Build | Farm |
| 17:02 | Build | Farm |
| 17:29 | Build | Farm |
| 17:39 | Build | Farm |
| 17:59 | Build | Farm |
| 18:00 | Build | Farm |
| 18:01 | Build | Farm |
| 18:02 | Build | Farm |
| 18:04 | Build | Farm |
| 18:10 | Build | Farm |
| 18:12 | Build | Farm |
| 18:33 | Build | Farm |
| 18:41 | Build | Farm |
| 18:57 | Build | Farm |
| 19:10 | Create | Villager (Male) |
| 19:10 | Create | Villager (Male) |
| 19:10 | Create | Villager (Male) |
| 19:32 | Build | Mining Camp |
| 19:35 | Research | Stone Mining |
| 20:15 | Research | Wheelbarrow |
| 20:34 | Build | Market |
| 20:47 | Research | Castle Age |
| 21:15 | Build | Blacksmith |
| 22:21 | Create | Villager (Male) |
| 22:21 | Create | Villager (Male) |
| 22:21 | Create | Villager (Male) |
| 22:25 | Create | Villager (Male) |
| 22:25 | Create | Villager (Male) |
| 22:26 | Create | Villager (Male) |
| 22:31 | Research | Bloodlines |
| 23:10 | Build | Stable |
| 23:14 | Build | Stable |
| 23:16 | Build | Stable |
| 24:20 | Age | Castle Age |
| 24:31 | Build | Town Center |
| 24:44 | Research | Bow Saw |
| 24:47 | Research | Heavy Plow |
| 25:14 | Build | Town Center |
| 25:20 | Research | Town Watch |
| 25:26 | Research | Husbandry |
| 25:32 | Research | Light Cavalry (upgrade) |
| 25:51 | Build | Castle |
| 26:01 | Research | Gold Mining |
| 26:20 | Create | Scout Cavalry |
| 26:20 | Create | Scout Cavalry |
| 26:20 | Create | Scout Cavalry |
| 26:20 | Create | Scout Cavalry |
| 26:21 | Create | Scout Cavalry |
| 26:21 | Create | Scout Cavalry |
| 26:21 | Create | Scout Cavalry |
| 26:21 | Create | Scout Cavalry |
| 26:21 | Create | Scout Cavalry |
| 26:22 | Create | Scout Cavalry |
| 26:22 | Create | Scout Cavalry |
| 26:22 | Create | Scout Cavalry |
| 27:47 | Create | Villager (Male) |
| 27:47 | Create | Villager (Male) |
| 27:47 | Create | Villager (Male) |
| 28:01 | Create | Scout Cavalry |
| 28:01 | Create | Scout Cavalry |
| 28:01 | Create | Scout Cavalry |
| 28:33 | Create | Villager (Male) |
| 28:34 | Create | Villager (Male) |
| 28:34 | Create | Villager (Male) |
| 28:34 | Create | Villager (Male) |
| 28:37 | Create | Villager (Male) |
| 28:37 | Create | Villager (Male) |
| 29:32 | Create | Villager (Male) |
| 29:32 | Create | Villager (Male) |
| 29:32 | Create | Villager (Male) |
| 29:36 | Build | Monastery |
| 30:17 | Create | Monk |
| 30:20 | Research | Marauders |
| 30:23 | Create | Villager (Male) |
| 30:23 | Create | Villager (Male) |
| 30:23 | Create | Villager (Male) |
| 30:23 | Create | Villager (Male) |
| 30:24 | Create | Villager (Male) |
| 30:37 | Create | Villager (Male) |
| 30:37 | Create | Villager (Male) |
| 30:37 | Create | Villager (Male) |
| 30:38 | Create | Villager (Male) |
| 30:40 | Create | Villager (Male) |
| 30:40 | Create | Villager (Male) |
| 30:40 | Create | Villager (Male) |
| 30:41 | Create | Villager (Male) |
| 30:45 | Build | Farm |
| 30:59 | Research | Scale Barding Armor |
Build order — Mamba24
First 150 of 215 actions detected
| 0:02 | Create | Villager (Male) |
| 0:02 | Create | Villager (Male) |
| 0:03 | Create | Villager (Male) |
| 0:03 | Create | Villager (Male) |
| 0:04 | Create | Villager (Male) |
| 0:04 | Create | Villager (Male) |
| 0:08 | Build | House |
| 0:09 | Build | House |
| 1:35 | Create | Villager (Male) |
| 2:11 | Create | Villager (Male) |
| 2:12 | Create | Villager (Male) |
| 2:12 | Create | Villager (Male) |
| 2:18 | Build | Lumber Camp |
| 2:27 | Create | Villager (Male) |
| 2:27 | Create | Villager (Male) |
| 3:01 | Create | Villager (Male) |
| 3:02 | Create | Villager (Male) |
| 3:07 | Build | House |
| 3:27 | Create | Villager (Male) |
| 3:27 | Create | Villager (Male) |
| 3:45 | Create | Villager (Male) |
| 3:46 | Create | Villager (Male) |
| 4:09 | Create | Villager (Male) |
| 4:09 | Create | Villager (Male) |
| 4:09 | Create | Villager (Male) |
| 4:53 | Create | Villager (Male) |
| 4:53 | Create | Villager (Male) |
| 5:05 | Build | Mill |
| 5:19 | Create | Villager (Male) |
| 5:19 | Create | Villager (Male) |
| 5:41 | Create | Villager (Male) |
| 5:41 | Create | Villager (Male) |
| 6:05 | Research | Loom |
| 7:01 | Research | Feudal Age |
| 7:15 | Build | House |
| 7:25 | Build | Palisade Wall |
| 7:33 | Build | Palisade Wall |
| 8:21 | Build | Barracks |
| 8:32 | Create | Villager (Male) |
| 8:32 | Create | Villager (Male) |
| 8:32 | Create | Villager (Male) |
| 9:05 | Build | House |
| 9:11 | Age | Feudal Age |
| 9:17 | Create | Villager (Male) |
| 9:36 | Build | Farm |
| 9:49 | Build | Farm |
| 10:01 | Build | Palisade Wall |
| 10:06 | Create | Villager (Male) |
| 10:41 | Build | Stable |
| 10:51 | Build | House |
| 10:53 | Build | Palisade Wall |
| 10:55 | Create | Villager (Male) |
| 10:56 | Create | Villager (Male) |
| 11:08 | Build | Palisade Wall |
| 11:13 | Create | Villager (Male) |
| 11:16 | Research | Horse Collar |
| 11:31 | Build | Lumber Camp |
| 11:42 | Build | House |
| 11:45 | Build | Palisade Wall |
| 11:55 | Build | Farm |
| 11:58 | Create | Villager (Male) |
| 12:11 | Research | Double-Bit Axe |
| 12:17 | Create | Scout Cavalry |
| 12:17 | Create | Scout Cavalry |
| 12:17 | Create | Scout Cavalry |
| 12:30 | Build | Palisade Wall |
| 12:50 | Build | Palisade Wall |
| 13:00 | Build | House |
| 13:03 | Build | Palisade Gate |
| 13:19 | Build | House |
| 13:25 | Build | Palisade Wall |
| 13:29 | Build | Palisade Wall |
| 13:30 | Create | Villager (Male) |
| 13:31 | Create | Villager (Male) |
| 13:31 | Create | Villager (Male) |
| 13:36 | Create | Scout Cavalry |
| 13:37 | Create | Scout Cavalry |
| 13:52 | Build | Farm |
| 13:53 | Build | Farm |
| 13:53 | Build | Farm |
| 13:53 | Build | Farm |
| 13:53 | Build | Farm |
| 13:54 | Build | Farm |
| 13:54 | Build | Farm |
| 14:32 | Build | Palisade Wall |
| 15:04 | Build | Farm |
| 15:06 | Create | Scout Cavalry |
| 15:06 | Create | Scout Cavalry |
| 15:32 | Build | Farm |
| 15:34 | Create | Villager (Male) |
| 15:34 | Create | Villager (Male) |
| 15:34 | Create | Villager (Male) |
| 15:45 | Create | Scout Cavalry |
| 15:57 | Build | Palisade Gate |
| 16:08 | Build | Blacksmith |
| 16:28 | Create | Villager (Male) |
| 17:01 | Research | Scale Barding Armor |
| 17:39 | Build | Farm |
| 17:40 | Create | Villager (Male) |
| 17:40 | Create | Villager (Male) |
| 17:41 | Create | Villager (Male) |
| 17:41 | Create | Villager (Male) |
| 17:41 | Create | Villager (Male) |
| 19:06 | Build | Farm |
| 19:06 | Build | Farm |
| 19:06 | Build | Farm |
| 19:06 | Build | Farm |
| 19:06 | Build | Farm |
| 19:07 | Build | Farm |
| 19:07 | Build | Farm |
| 19:07 | Build | Farm |
| 19:08 | Build | Farm |
| 19:08 | Build | Farm |
| 19:08 | Build | Farm |
| 19:08 | Build | Farm |
| 19:14 | Build | Mining Camp |
| 19:50 | Create | Villager (Male) |
| 19:50 | Create | Villager (Male) |
| 19:50 | Create | Villager (Male) |
| 19:50 | Create | Villager (Male) |
| 19:51 | Create | Villager (Male) |
| 20:00 | Build | House |
| 20:21 | Create | Villager (Male) |
| 20:26 | Create | Scout Cavalry |
| 20:27 | Create | Scout Cavalry |
| 20:27 | Create | Scout Cavalry |
| 20:27 | Create | Scout Cavalry |
| 20:53 | Build | Farm |
| 20:55 | Build | Farm |
| 20:56 | Build | Farm |
| 21:10 | Create | Scout Cavalry |
| 21:22 | Build | Palisade Wall |
| 21:51 | Build | Farm |
| 21:51 | Build | Farm |
| 21:51 | Build | Farm |
| 21:53 | Create | Villager (Male) |
| 21:58 | Research | Castle Age |
| 23:39 | Build | Market |
| 23:42 | Create | Villager (Male) |
| 23:43 | Create | Villager (Male) |
| 23:43 | Create | Villager (Male) |
| 23:55 | Build | Archery Range |
| 23:56 | Build | Archery Range |
| 24:01 | Create | Villager (Male) |
| 24:01 | Create | Villager (Male) |
| 24:17 | Research | Bloodlines |
| 24:20 | Create | Villager (Male) |
| 24:20 | Create | Villager (Male) |
| 24:33 | Build | Palisade Gate |
| 24:38 | Age | Castle Age |
Build order — Freecss
122 actions detected in the replay
| 0:00 | Create | Villager (Male) |
| 0:06 | Build | House |
| 0:07 | Build | House |
| 0:09 | Build | House |
| 0:18 | Create | Villager (Male) |
| 0:28 | Create | Villager (Male) |
| 0:58 | Create | Villager (Male) |
| 1:23 | Build | Mill |
| 1:30 | Create | Villager (Male) |
| 2:23 | Create | Villager (Male) |
| 2:23 | Create | Villager (Male) |
| 2:28 | Create | Villager (Male) |
| 3:00 | Create | Villager (Male) |
| 3:20 | Create | Villager (Male) |
| 3:39 | Create | Villager (Male) |
| 4:27 | Create | Villager (Male) |
| 4:46 | Create | Villager (Male) |
| 5:35 | Create | Villager (Male) |
| 5:39 | Create | Villager (Male) |
| 5:40 | Create | Villager (Male) |
| 5:40 | Create | Villager (Male) |
| 5:44 | Research | Loom |
| 7:00 | Build | Lumber Camp |
| 7:59 | Research | Feudal Age |
| 7:59 | Research | Feudal Age |
| 10:09 | Age | Feudal Age |
| 10:16 | Research | Wheelbarrow |
| 10:18 | Research | Town Watch |
| 10:18 | Create | Villager (Male) |
| 10:27 | Research | Double-Bit Axe |
| 10:41 | Build | Farm |
| 10:42 | Build | Farm |
| 10:43 | Build | Farm |
| 10:52 | Research | Horse Collar |
| 11:24 | Build | Farm |
| 11:31 | Build | Farm |
| 11:44 | Build | House |
| 11:45 | Build | House |
| 12:00 | Build | Blacksmith |
| 12:20 | Research | Town Watch |
| 12:21 | Create | Villager (Male) |
| 12:33 | Build | Mining Camp |
| 12:37 | Build | House |
| 13:11 | Research | Forging |
| 13:26 | Build | Market |
| 13:38 | Research | Gold Mining |
| 13:44 | Create | Villager (Male) |
| 13:45 | Create | Villager (Male) |
| 13:55 | Build | Farm |
| 14:01 | Build | Farm |
| 14:06 | Create | Villager (Male) |
| 14:06 | Create | Villager (Male) |
| 14:12 | Build | Farm |
| 14:15 | Create | Villager (Male) |
| 14:44 | Build | Barracks |
| 15:03 | Build | Farm |
| 15:31 | Create | Villager (Male) |
| 15:31 | Create | Villager (Male) |
| 15:31 | Create | Villager (Male) |
| 15:31 | Create | Villager (Male) |
| 15:32 | Create | Villager (Male) |
| 15:41 | Build | House |
| 16:00 | Build | Stable |
| 16:05 | Build | Farm |
| 16:20 | Create | Villager (Male) |
| 16:26 | Build | Farm |
| 16:52 | Create | Villager (Male) |
| 16:53 | Create | Villager (Male) |
| 16:56 | Build | Farm |
| 16:59 | Build | Farm |
| 17:02 | Create | Villager (Male) |
| 17:15 | Build | Farm |
| 17:21 | Build | Farm |
| 17:36 | Create | Villager (Male) |
| 17:39 | Build | Farm |
| 17:42 | Research | Bloodlines |
| 17:45 | Create | Scout Cavalry |
| 18:05 | Build | Stable |
| 18:29 | Create | Scout Cavalry |
| 18:45 | Build | Mining Camp |
| 18:46 | Create | Scout Cavalry |
| 18:46 | Create | Scout Cavalry |
| 18:59 | Create | Villager (Male) |
| 18:59 | Create | Villager (Male) |
| 19:08 | Create | Spearman |
| 19:08 | Create | Spearman |
| 19:13 | Create | Scout Cavalry |
| 19:29 | Create | Scout Cavalry |
| 19:30 | Create | Scout Cavalry |
| 19:34 | Create | Villager (Male) |
| 19:35 | Create | Villager (Male) |
| 19:54 | Research | Scale Barding Armor |
| 20:06 | Create | Villager (Male) |
| 20:12 | Create | Villager (Male) |
| 21:01 | Research | Scale Mail Armor |
| 23:05 | Research | Stone Mining |
| 23:51 | Research | Castle Age |
| 23:56 | Research | Fletching |
| 26:11 | Create | Villager (Male) |
| 26:12 | Create | Villager (Male) |
| 26:29 | Build | Lumber Camp |
| 26:31 | Age | Castle Age |
| 26:37 | Research | Iron Casting |
| 26:50 | Research | Hand Cart |
| 26:54 | Research | Light Cavalry (upgrade) |
| 26:56 | Research | Husbandry |
| 27:33 | Create | Scout Cavalry |
| 27:35 | Create | Scout Cavalry |
| 27:36 | Create | Scout Cavalry |
| 27:37 | Create | Scout Cavalry |
| 27:38 | Create | Scout Cavalry |
| 28:04 | Build | Farm |
| 28:14 | Build | Town Center |
| 28:23 | Create | Villager (Male) |
| 28:23 | Create | Villager (Male) |
| 28:24 | Create | Villager (Male) |
| 28:26 | Create | Villager (Male) |
| 28:38 | Build | House |
| 28:45 | Build | House |
| 28:46 | Build | House |
| 29:54 | Create | Scout Cavalry |
| 29:56 | Create | Scout Cavalry |
Match timeline
| 7:25 | Mamba24 · wall_segment Palisade Wall x3 |
| 7:33 | Mamba24 · wall_segment Palisade Wall x7 |
| 7:58 | _C*_MaLKoÇoĞLU_C*_ · first_building Barracks |
| 8:21 | Mamba24 · first_building Barracks |
| 9:11 | Mamba24 · age_up feudal |
| 10:00 | Rodra · age_up feudal |
| 10:01 | Mamba24 · wall_segment Palisade Wall x11 |
| 10:09 | Freecss · age_up feudal |
| 10:41 | Mamba24 · first_building Stable |
| 10:53 | Mamba24 · wall_segment Palisade Wall x1 |
| 11:08 | Mamba24 · wall_segment Palisade Wall x10 |
| 11:29 | Mathías · first_building Barracks |
| 11:45 | Mamba24 · wall_segment Palisade Wall x5 |
| 11:53 | SAFIRA · age_up feudal |
| 12:08 | Mathías · age_up feudal |
| 12:30 | Mamba24 · wall_segment Palisade Wall x1 |
| 12:50 | Mamba24 · wall_segment Palisade Wall x9 |
| 13:08 | _C*_MaLKoÇoĞLU_C*_ · age_up feudal |
| 13:25 | Mamba24 · wall_segment Palisade Wall x6 |
| 13:29 | Mamba24 · wall_segment Palisade Wall x7 |
| 13:29 | _C*_MaLKoÇoĞLU_C*_ · first_building Stable |
| 13:35 | _C*_MaLKoÇoĞLU_C*_ · first_building Archery Range |
| 14:10 | Mathías · first_building Stable |
| 14:32 | Mamba24 · wall_segment Palisade Wall x2 |
| 14:44 | Freecss · first_building Barracks |
| 15:29 | SAFIRA · first_building Barracks |
| 16:00 | Freecss · first_building Stable |
| 16:14 | Mathías · wall_segment Palisade Wall x5 |
| 16:32 | Mathías · wall_segment Palisade Wall x3 |
| 16:40 | Rodra · first_building Barracks |
| 17:02 | SAFIRA · first_building Archery Range |
| 17:48 | Mathías · wall_segment Palisade Wall x9 |
| 17:59 | Mathías · age_up castle |
| 18:25 | Mathías · first_market_buy 100 wood |
| 18:30 | Rodra · first_building Stable |
| 18:40 | Mathías · first_building Monastery |
| 19:09 | Rodra · age_up castle |
| 19:41 | Mathías · wall_segment Palisade Wall x12 |
| 21:22 | Mamba24 · wall_segment Palisade Wall x1 |
| 21:58 | Mathías · wall_segment Palisade Wall x10 |
| 23:55 | Mamba24 · first_building Archery Range |
| 24:20 | _C*_MaLKoÇoĞLU_C*_ · age_up castle |
| 24:33 | SAFIRA · resign |
| 24:38 | Mamba24 · age_up castle |
| 24:54 | _C*_MaLKoÇoĞLU_C*_ · first_market_buy 100 wood |
| 25:47 | Rodra · first_building Castle |
| 25:51 | _C*_MaLKoÇoĞLU_C*_ · first_building Castle |
| 26:31 | Freecss · age_up castle |
| 27:41 | Mamba24 · first_market_buy 100 wood |
| 28:02 | Mamba24 · first_market_sell 500 food |
| 29:36 | _C*_MaLKoÇoĞLU_C*_ · first_building Monastery |
| 32:29 | Mathías · first_building Castle |
| 33:38 | Mathías · first_market_sell 100 wood |
| 34:42 | Rodra · age_up imperial |
| 35:24 | Mathías · wall_segment Stone Wall x10 |
| 35:30 | Mathías · wall_segment Stone Wall x5 |
[ AI ANALYSIS · 1 CREDIT ]
What really happened in this match?
Wolo.gg analyzes every decision: build order, eco, micro, common mistakes by bracket. Personalized analysis on WhatsApp or Discord in 30 seconds.
Civ guide
Lithuanians
Perfil
Jugador #629927